 Dungeon Crawl Stone Soup version 0.25-a0-294-gea9b1ad378 (webtiles) character file.

Game seed: 1745422247378307746, levelgen mode: deterministic

1214 Ceapi the Cleaver (level 8, -3/64 HPs)
             Began as a Hill Orc Berserker on Dec 17, 2019.
             Was an Elder of Trog.
             Shot with an arrow by a centaur (8 damage)
             ... on level 6 of the Dungeon.
             The game lasted 00:16:08 (7470 turns).

Ceapi the Cleaver (Hill Orc Berserker)              Turns: 7470, Time: 00:16:08

Health: -3/64      AC:  4    Str: 22    XL:     8   Next: 46%
Magic:  8/8        EV: 11    Int:  7    God:    Trog [****..]
Gold:   166        SH:  0    Dex: 10    Spells: 7/7 levels left

rFire    . . .     SeeInvis +   a - +0 hand axe
rCold    . . .     Gourm    .   (no shield)
rNeg     . . .     Faith    .   x - +0 leather armour
rPois    .         Spirit   .   u - +0 helmet
rElec    .         Reflect  .   (no cloak)
rCorr    .         Harm     .   (no gloves)
MR       .....                  (no boots)
Stlth    +.........             (no amulet)
HPRegen  0.20/turn              p - ring of see invisible
MPRegen  0.11/turn              (no ring)

@: no status effects
A: no striking features
a: Berserk, Trog's Hand, Brothers in Arms, Renounce Religion


You were on level 6 of the Dungeon.
You worshipped Trog.
Trog was greatly pleased with you.
You were near starving.

You visited 1 branch of the dungeon, and saw 6 of its levels.

You collected 166 gold pieces.

Inventory:

Hand Weapons
 a - a +0 hand axe (weapon)
 r - a +0 mace
Armour
 b - a +0 animal skin
 u - a +0 helmet (worn)
 x - a +0 leather armour (worn)
Jewellery
 p - a ring of see invisible (left hand)
Wands
 q - a wand of polymorph (1)
Scrolls
 d - a scroll of noise {unknown}
 f - 11 scrolls of identify {unknown}
 g - 2 scrolls of magic mapping {unknown}
 k - 2 scrolls of remove curse {unknown}
 s - a scroll of amnesia {unknown}
 v - a scroll of fog {unknown}
 w - a scroll of fear {unknown}
Potions
 c - 2 potions of berserk rage {unknown}
 e - a potion of mutation {unknown}
 h - a potion of heal wounds {unknown}
 i - 2 potions of might {unknown}
 j - 3 potions of curing {unknown}
 l - a potion of degeneration {unknown}
 m - 2 potions of ambrosia {unknown}
 o - a potion of agility
 t - a potion of haste {unknown}
Comestibles
 n - 6 rations


   Skills:
 - Level 3.6 Fighting
 + Level 13.0 Axes
 - Level 2.1 Armour
 - Level 1.5 Dodging


You had 7 spell levels left.
You didn't know any spells.
Your spell library was empty.

Dungeon Overview and Level Annotations

Branches:
Dungeon (6/15)
 Temple: D:4-7

Altars:
Gozag
Qazlal


Message History

You see here an arrow.
The centaur shoots an arrow.
The arrow hits you!
You see here an arrow.
The centaur shoots an arrow.
The arrow hits you.
You see here an arrow.
The centaur shoots an arrow.
The arrow misses you.
The centaur shoots an arrow.
The arrow hits you!
* * * LOW HITPOINT WARNING * * *
You see here an arrow.
The centaur shoots an arrow.
The arrow closely misses you.
The centaur shoots an arrow.
The arrow hits you.
* * * LOW HITPOINT WARNING * * *
You see here an arrow.
The centaur shoots an arrow.
The arrow hits you!
* * * LOW HITPOINT WARNING * * *
The centaur shoots an arrow.
The arrow hits you.
* * * LOW HITPOINT WARNING * * *
You see here 2 arrows.
The centaur shoots an arrow.
The arrow hits you!
You die...

.......... ### #.#
##......... ..# #.#
##........### #.# #.#
............###.## .#
............. ...# #
###.......#.###..##.#
.......#((((.....#
#.#.......(.######.
#.#..#####(@.c.....
#.#..# #..#######
#....# #..# ###..##
#..# #...####..#
#........##
#...###### ##.## #.#


You could see a centaur.

Vanquished Creatures
  The ghost of endorz the Spear-Bearer, a novice MfFi of the Shining One (D:4)
  Sigmund (D:3)
  A phantom (D:4)
  A sky beast (D:6)
  A scorpion (D:4)
  A crimson imp (D:3)
  A hound (D:4)
  A centaur skeleton (D:4)
  An orc wizard (D:4)
  Terence (D:3)
  3 iguanas (D:4)
  2 worker ants (D:4)
  Robin (D:2)
  2 howler monkey skeletons (D:4)
  3 gnolls (D:3)
  7 adders
  2 oozes
  An adder skeleton (D:4)
  2 worms
  3 dart slugs
  4 leopard geckos
  18 orcs
  5 giant cockroaches
  13 goblins
  10 hobgoblins
  4 jackals (D:2)
  14 kobolds
  7 quokkas
  A ball python (D:3)
  11 bats
  5 frilled lizards
  A jackal skeleton (D:4)
  9 rats
138 creatures vanquished.

Vanquished Creatures (others)
  A centaur (D:5)
  A worker ant zombie (D:5)
2 creatures vanquished.

Grand Total: 140 creatures vanquished

Notes
Turn   | Place    | Note
-------+----------+-------------------------------------------
     0 | D:1      | Ceapi the Hill Orc Berserker began the quest for the Orb.
     0 | D:1      | Reached XP level 1. HP: 19/19 MP: 1/1
    75 | D:1      | Reached XP level 2. HP: 19/26 MP: 2/2
   128 | D:1      | Reached skill level 5 in Axes
   377 | D:1      | Reached XP level 3. HP: 17/31 MP: 3/3
  1254 | D:2      | Reached ** piety under Trog
  1350 | D:2      | Noticed Robin
  1357 | D:2      | Reached skill level 6 in Axes
  1362 | D:2      | Killed Robin
  1362 | D:2      | Reached XP level 4. HP: 27/39 MP: 4/4
  2122 | D:2      | Reached skill level 7 in Axes
  2638 | D:3      | Reached *** piety under Trog
  2638 | D:3      | Reached XP level 5. HP: 29/45 MP: 5/5
  2987 | D:3      | Noticed Terence
  3016 | D:3      | Killed Terence
  3016 | D:3      | Reached skill level 8 in Axes
  3593 | D:3      | Reached XP level 6. HP: 51/51 MP: 6/6
  3915 | D:3      | Noticed Sigmund
  3932 | D:3      | Killed Sigmund
  3932 | D:3      | Reached skill level 9 in Axes
  4161 | D:4      | Reached skill level 10 in Axes
  4161 | D:4      | Reached XP level 7. HP: 27/57 MP: 7/7
  4873 | D:4      | Reached skill level 11 in Axes
  5051 | D:4      | Found a runed translucent door.
  5098 | D:4      | Reached **** piety under Trog
  5761 | D:4      | Found an opulent altar of Gozag.
  6552 | D:4      | Noticed endorz's ghost (novice MfFi)
  6566 | D:4      | Killed endorz's ghost
  6566 | D:4      | Reached skill level 12 in Axes
  6566 | D:4      | Reached XP level 8. HP: 64/64 MP: 8/8
  6642 | D:5      | Entered Level 5 of the Dungeon
  7178 | D:6      | Found a stormy altar of Qazlal.
  7259 | D:6      | Reached skill level 13 in Axes
  7470 | D:6      | Shot with an arrow by a centaur

Levels and vault maps discovered:
D:1:      wander_arrival_lonely_grave, layout_basic, kennysheep_another_room,
          chequers_serial_rivers_room_a
D:2:      layout_basic, amethyst_killhole, uniq_robin
D:3:      layout_rooms, first_ration, uniq_terence, uniq_sigmund
D:4:      layout_layer_cave, ebering_ghost_sewer_d,
          chequers_serial_rivers_micro_c, grunt_gozag_statues
D:5:      layout_basic, grunt_temple_overflow_open, lemuel_temple_firewalk_a,
          serial_shops, shop, shop, corexii_checkpoint_b, uniq_grinder
D:6:      layout_loops_ring, lemuel_doored_altar, overflow_temple_1_default,
          serial_shops, shop

Skill      XL: |  1  2  3  4  5  6  7  8 |
---------------+-------------------------+-----
Axes           | 5 6 7 8 10 12 13 | 13.0
Fighting       | |  3.6
Armour         | |  2.1
Dodging        | |  1.5

Action                   |  1- 3 |  4- 6 |  7- 9 || total
-------------------------+-------+-------+-------++-------
Melee: Hand axe          |    91 |   209 |   166 ||   466
       Unarmed           |       |     5 |       ||     5
Invok: Berserk           |     1 |     2 |     3 ||     6
 Stab: Sleeping          |       |     1 |       ||     1
  Eat: Chunk             |       |    10 |     4 ||    14
       Ration            |       |     1 |     2 ||     3
Armor: Animal skin       |    19 |    28 |     8 ||    55
       Skin              |       |     9 |       ||     9
       Leather armour    |       |       |     3 ||     3
Dodge: Dodged            |    71 |   113 |    71 ||   255

Table legend:
 A = Non-vault XP
 B = Vault XP
 C = Vault XP percentage of total XP
 D = Non-vault monster count
 E = Vault monster count
 F = Vault count percentage of total count
                 A         B        C        D         E       F
            +---------+---------+-------+---------+---------+-------
      Total |    1018 |     717 |  41.3 |     121 |      17 |  12.3
            +---------+---------+-------+---------+---------+-------
        D:1 |      43 |       0 |   0.0 |      24 |       0 |   0.0
        D:2 |      82 |      33 |  28.7 |      33 |      11 |  25.0
        D:3 |     150 |     246 |  62.1 |      27 |       2 |   6.9
        D:4 |     579 |     438 |  43.1 |      30 |       4 |  11.8
        D:5 |       3 |       0 |   0.0 |       1 |       0 |   0.0
        D:6 |     161 |       0 |   0.0 |       6 |       0 |   0.0
            +---------+---------+-------+---------+---------+-------
